 Dungeon Crawl Stone Soup version 0.30-a0-137-gd8773701ce (webtiles) character file.

Game seed: 9591567315804521608

16 Julmuri the Caller (level 2, -2/19 HPs)
             Began as a Merfolk Summoner on Sept 23, 2022.
             Slain by an orc
             ... wielding a +0 hand axe
              (6 damage)
             ... on level 2 of the Dungeon.
             The game lasted 00:04:29 (1110 turns).

Julmuri the Caller (Merfolk Summoner)               Turns: 1110, Time: 00:04:30

Health: -2/19      AC:  2    Str:  8    XL:     2   Next: 54%
Magic:  2/5        EV: 13    Int: 14    God:
Gold:   48         SH:  0    Dex: 14    Spells: 4/5 levels left

rFire   . . .      SeeInvis .    d - +0 falchion (holy)
rCold   . . .      Faith    .    (no shield)
rNeg    . . .      Spirit   .    a - +0 robe
rPois   .          Reflect  .    (no helmet)
rElec   .          Harm     .    (no cloak)
rCorr   .          Rampage  .    (no gloves)
Will    .....                    (no boots)
Stlth   ++........               (no amulet)
HPRegen 0.06/turn                (no ring)
MPRegen 0.09/turn                (no ring)

@: no status effects
A: (nimble swimmer 2), mertail
a: no special abilities


You were on level 2 of the Dungeon.
You visited 1 branch of the dungeon, and saw 2 of its levels.

You collected 48 gold pieces.

Inventory:

Hand Weapons
 d - a +0 falchion of holy wrath (weapon)
Missiles
 f - 3 poisoned darts
Armour
 a - a +0 robe (worn)
Scrolls
 c - a scroll of identify {unknown}
Potions
 b - a potion of magic
 e - a potion of brilliance {unknown}


   Skills:
 + Level 0.1 Long Blades
 + Level 2.9 Dodging
 + Level 2.1 Stealth
 + Level 2.2 Spellcasting
 + Level 4.4 Summonings


You had 4 spell levels left.
You knew the following spells:

 Your Spells              Type           Power      Damage    Failure   Level
a - Summon Small Mammal   Summ           52%        N/A       3%          1

Your spell library contained the following spells:

 Spells                   Type           Power      Damage    Failure   Level
 Call Imp                 Summ           13%        N/A       6%          2
 Call Canine Familiar     Summ           13%        N/A       12%         3
 Summon Guardian Golem    Hex/Summ       7%         N/A       28%         3
 Summon Lightning Spire   Summ/Air       7%         N/A       67%         4


Dungeon Overview and Level Annotations

Branches:
Dungeon (2/15)

Altars:


Innate Abilities, Weirdness & Mutations

((You are very nimble when in or above water. (Stealth+, EV+, Speed+++)))
Your lower body shifts to a powerful aquatic tail in water.


Message History

Casting: Summon Small Mammal (safe; 3% risk of failure)
Press: ? - help, Q - select action, (/) - cycle Dir - look around, f - activate The ball python bites you.
The ball python completely misses you.
The ball python bites you but does no damage.
The ball python closely misses you.
Your rat barely misses the adder.
The goblin attacks as you move away! The goblin barely misses you.
The frilled lizard bites you.
Your rat barely misses the ball python.
Your rat barely misses the ball python.
The ball python completely misses you. x2
The frilled lizard closely misses you.
The goblin hits your rat with a +0 dagger.
Your rat barely misses the goblin.
Your rat barely misses the goblin.
The frilled lizard bites you but does no damage.
The frilled lizard attacks as you move away!
The frilled lizard barely misses you.
The ball python bites you but does no damage.
The ball python grabs you. The ball python constricts you.
The ball python's grasp on you weakens, but your attempt to escape fails.
The adder bites you.
You are poisoned.
The adder poisons you! The ball python closely misses you.
The ball python constricts you.
You escape the ball python's grasp.
You feel sick. The adder attacks as you move away!
The adder closely misses you.
You feel sick.
Your rat closely misses the goblin.
An orc comes into view. It is wielding a +0 hand axe.
You feel sick. The adder bites you.
Your rat misses the goblin.
You feel sick.
The orc shouts!
Your rat closely misses the goblin.
Your rat bites the frilled lizard.
The frilled lizard dies!
You feel sick.
You are no longer poisoned.
The ball python attacks as you move away!
The ball python closely misses you.
Casting: Summon Small Mammal (safe; 3% risk of failure)
Press: ? - help, Q - select action, (/) - cycle Dir - look around, f - activate The adder barely misses you.
The orc hits you with a +0 hand axe.
You die...

## ... ..# #.# ...... .
#######.# ........
..##.......#####........
......r.#...............
#...Sog.## #.........
#...@#...###......<..
####.#.#..r..........
..#.####r.........
####.# #.#........ ..#
#..#....... ..#
##r.......# ##..
#####...<. ## #..#..
#..#..


You could see an adder (ally target), an orc, a goblin and a friendly rat
(summoned).

Vanquished Creatures
  A ball python (D:1)
  A bat (D:1)
  An endoplasm (D:1)
  A hobgoblin (D:1)
  A quokka (D:1)
5 creatures vanquished.

Vanquished Creatures (collateral kills)
  A ball python (D:1)
  An endoplasm (D:1)
  2 hobgoblins (D:1)
  2 quokkas (D:1)
  A frilled lizard (D:2)
7 creatures vanquished.

Grand Total: 12 creatures vanquished

Notes
Turn   | Place    | Note
-------+----------+-------------------------------------------
     0 | D:1      | Julmuri the Merfolk Summoner began the quest for the Orb.
     0 | D:1      | Reached XP level 1. HP: 13/13 MP: 3/3
   207 | D:1      | Reached XP level 2. HP: 19/19 MP: 1/5
   327 | D:1      | Found a faded altar of an unknown god.
  1110 | D:2      | Slain by an orc

Illustrated notes

Levels and vault maps discovered:
D:1:      dpeg_arrival_houses_and_road, layout_basic,
          shapermc_ecumenical_altar_notcrosses
D:2:      minmay_roachtagon, layout_rooms, kennysheep_generic_room_13

Action                   || total
-------------------------++-------
Melee: Falchion          ||    13
 Cast: Summon Small Mamm ||    22
Armor: Robe              ||     6
Dodge: Dodged            ||    31

Table legend: (Time is in decaauts)
 A = Elapsed time spent in this place.
 B = Non-inter-level travel time spent in this place.
 C = Inter-level travel time spent in this place.
 D = Time resting spent in this place.
 E = Time spent auto-exploring this place.
 F = Levels seen in this place.
 G = Mean time per level.
                   A        B        C        D        E       F      G
               +--------+--------+--------+--------+--------+-----+--------+
         Total |   1111 |   1081 |     30 |      0 |    798 |   2 |  555.5 |
       Dungeon |   1111 |   1081 |     30 |      0 |    798 |   2 |  555.5 |
               +--------+--------+--------+--------+--------+-----+--------+

Top non-repeatable levels by time:
     D:1: 1084 daAuts
     D:2: 26 daAuts
